 Dungeon Crawl Stone Soup version 0.31.0-32-g396128a36d (webtiles) character file.

Game seed: 15461226542593787045

48318 chippings the Scholar (level 14, -1/115 HPs)
             Began as a Green Draconian Wanderer on Apr 11, 2024.
             Was an Elder of Sif Muna.
             Slain by a bunyip (25 damage)
             ... on level 1 of the Swamp on Apr 12, 2024.
             The game lasted 00:59:43 (24148 turns).

chippings the Scholar (Green Draconian Wanderer)   Turns: 24148, Time: 00:59:44

Health: -1/115     AC: 20    Str: 15    XL:     14   Next: 11%
Magic:  15/23      EV: 14    Int: 17    God:    Sif Muna [****..]
Gold:   1594       SH:  0    Dex: 14    Spells: 7/17 levels left

rFire   + + .        a - +5 quarterstaff (protect)
rCold   x . .        (shield currently unavailable)
rNeg    . . .        (body armour unavailable)
rPois   +            E - +2 hat
rElec   .            W - +0 cloak {rF+}
rCorr   .            U - +0 pair of fencer's gloves {Riposte Dex+3}
SInv    .            I - +0 pair of boots
Will    +....        (no amulet)
Stlth   +++          r - ring of fire
HPRegen 0.39/turn    j - ring of flight
MPRegen 0.18/turn

%: no passive effects
@: under a protective aura, flying
A: breathe noxious fumes, AC +8, unfitting armour, stinger 1, poison resistance,
cold-blooded
a: Breathe Noxious Fumes, Renounce Religion, Channel Magic, Forget Spell, Divine
Exegesis


You were on level 1 of the Swamp.
You worshipped Sif Muna.
Sif Muna was greatly pleased with you.
You visited 5 branches of the dungeon, and saw 19 of its levels.
You also visited: Sewer and Volcano.

You collected 1594 gold pieces.

Inventory:

Hand Weapons
 a - a +5 quarterstaff of protection (weapon)
 V - a +1 lajatang of flaming
Armour
 E - a +2 hat (worn)
 I - a +0 pair of boots (worn)
 P - the crystal ball of Wucad Mu {*channel}
   (You found it on level 3 of the Lair of Beasts)

   *Channel:  It often returns the magic spent to cast spells, but lowers their
   success rate.
   It always returns the magic spent on miscasts.
 U - the +0 pair of fencer's gloves (worn) {Riposte Dex+3}
   (You found it in a volcano)

   Riposte:   It allows the wearer to riposte with melee weapons, swiftly
   retaliating against missed or blocked melee attacks.
   Dex+3:     It affects your dexterity (+3).
 W - a +0 cloak of fire resistance (worn)
Magical Staves
 J - a staff of fire
Jewellery
 i - a +4 ring of protection
 j - a ring of flight (right hand)
 r - a ring of fire (left hand)
 t - a ring of protection from cold
 y - a ring of willpower
 A - a ring of see invisible
 B - a ring of positive energy
Wands
 h - a wand of acid (15)
 z - a wand of paralysis (8)
 K - a wand of digging (6)
 O - a wand of roots (4)
 Q - a wand of flame (4)
 S - a wand of mindburst (7)
Scrolls
 c - a scroll of blinking
 d - 5 scrolls of teleportation
 e - 5 scrolls of fog
 l - 2 scrolls of torment
 n - 3 scrolls of vulnerability
 p - a scroll of brand weapon
 u - 4 scrolls of enchant armour
 v - 3 scrolls of revelation
 C - 2 scrolls of immolation
 L - 2 scrolls of noise
 T - a scroll of silence
Potions
 b - a potion of lignification
 f - 6 potions of mutation
 g - 2 potions of resistance
 k - 6 potions of heal wounds
 m - 6 potions of curing
 o - a potion of magic
 q - 5 potions of enlightenment
 s - 6 potions of might
 w - a potion of berserk rage
 F - 3 potions of invisibility
 G - 2 potions of ambrosia {unknown}
 H - a potion of haste
 N - 2 potions of cancellation {unknown}


   Skills:
 - Level 8.0 Fighting
 - Level 8.0 Staves
 + Level 6.4 Dodging
 - Level 4.0 Stealth
 - Level 2.0 Spellcasting
 + Level 11.1 Hexes
 + Level 10.9 Summonings
 - Level 8.0 Fire Magic
 + Level 12.9 Invocations
 - Level 1.0 Evocations


You had 7 spell levels left.
You knew the following spells:

 Your Spells              Type           Power      Damage    Failure   Level
a - Summon Mana Viper     Hex/Summ       39%        N/A       6%          5
b - Jinxbite              Hex            78%        N/A       1%          2
c - Inner Flame           Hex/Fire       51%        N/A       1%          3

Your spell library contained the following spells:

 Spells                   Type           Power      Damage    Failure   Level
 Slow                     Hex            100%       N/A       1%          1
 Apportation              Tloc           2%         N/A       19%         1
 Freeze                   Ice            4%         1d3       19%         1
 Summon Lightning Spire   Summ/Air       20%        N/A       21%         4
 Mercury Vapours          Alch/Air       2%         N/A       28%         2
 Summon Cactus Giant      Summ           19%        N/A       32%         6
 Frozen Ramparts          Ice            2%         1d1       50%         3
 Fugue of the Fallen      Necr           1%         N/A       50%         3
 Hailstorm                Conj/Ice       1%         3d5       50%         3
 Mephitic Cloud           Conj/Alch/Air  1%         N/A       50%         3
 Ozocubu's Armour         Ice            1%         N/A       50%         3
 Stone Arrow              Conj/Erth      2%         3d7       50%         3
 Summon Forest            Summ/Tloc      10%        N/A       50%         5
 Fireball                 Conj/Fire      11%        3d7       71%         5
 Brom's Barrelling Bould  Conj/Erth      1%         2d3       88%         4
 Manifold Assault         Tloc           1%         N/A       88%         4
 Vhi's Electric Charge    Tloc/Air       2%         N/A       88%         4
 Alistair's Intoxication  Alch           0%         N/A       99%         5
 Arcjolt                  Conj/Air       0%         1d10      99%         5
 Freezing Cloud           Conj/Ice/Air   0%         6-21      99%         5
 Iskenderun's Battlesphe  Conj           1%         2d6       99%         5
 Lee's Rapid Deconstruct  Erth           0%         3d4*      99%         5
 Conjure Ball Lightning   Conj/Air       0%         3x3d6     100%        6
 Orb of Destruction       Conj           0%         9d5       100%        7
 Lehudib's Crystal Spear  Conj/Erth      0%         10d2      100%        8
 Maxwell's Capacitive Co  Air            0%         ∞         100%        8
 Animate Armour           Summ/Erth      Unusable   N/A       N/A         4

Dungeon Overview and Level Annotations

Branches:
Dungeon (10/15)            Temple (1/1) D:4            Lair (5/5) D:10
  Swamp (1/4) Lair:2        Snake (0/4) Lair:2        Slime (0/5) Lair:4
    Orc (2/2) D:10            Elf (0/3) Orc:2         Sewer (visited)
Volcano (visited)

Altars:
Ashenzari
Cheibriados
Dithmenos
Elyvilon
Fedhas
Gozag
Hepliaklqana
Kikubaaqudgha
Makhleb
Nemelex Xobeh
Okawaru
Qazlal
Ru
Sif Muna
Trog
Uskayaw
Vehumet
Wu Jian
Xom
Yredelemnul
Zin
The Shining One

Shops:
D:8 :

Annotations:
Orc:2 Nessos


Innate Abilities, Weirdness & Mutations

You can breathe blasts of noxious fumes.
Your lurid green scales are hard. (AC +8)
You cannot fit into any form of body armour.
Your tail ends in a venomous barb.
Your system is resistant to poisons. (rPois)
You are cold-blooded and may be slowed by cold attacks.


Message History

Your weapon exudes an aura of protection.
An alligator comes into view.
Unknown command.
Unknown command.
You thump the bunyip!
Flame seeps out of the bunyip. x2
You tail-slap the bunyip.
The bunyip is moderately wounded.
Unknown command.
You hit the bunyip.
Flame seeps out of the bunyip.
You tail-slap the bunyip, but do no damage.
The bunyip is moderately wounded.
Your mana viper closely misses the bunyip.
The bunyip is engulfed in blazing flames.
Flame seeps out of the bunyip.
The bunyip completely misses you.
The bunyip claws you but does no damage.
The bunyip claws you!
* * * LOW HITPOINT WARNING * * *
Unknown command.
You closely miss the bunyip.
You tail-slap the bunyip, but do no damage.
The bunyip is moderately wounded.
Your mana viper bites the bunyip but does no damage.
Your mana viper barely misses the bunyip.
Unknown command.
Unknown command.
You barely miss the bunyip.
The bunyip is moderately wounded.
Your mana viper barely misses the bunyip.
Unknown command.
Unknown command.
You closely miss the bunyip.
The bunyip is moderately wounded.
Your mana viper bites the bunyip!
Flame seeps out of the bunyip.
Unknown command.
You hit the bunyip.
Flame seeps out of the bunyip.
Your tail-slap misses the bunyip.
The bunyip is heavily wounded.
The bunyip is engulfed in blazing flames.
Flame seeps out of the bunyip.
The bunyip claws you!!
You die...

♣. ~ ~~.♣ ♣♣.♣. ~~~.♣
♣.... .~~.♣♣ ♣♣~~~♣
.~~..♣ ...~~≈≈
♣♣..~>♣♣.~.§.♣
..~.~♣≈≈♣♣~~.♣§...§.~..
~~...~..≈♣♣♣...Sx~♣~~..~
...~....≈♣♣.~§.@l..~♣
..~~~...≈♣♣.~~.~..♣♣♣
....~...≈≈♣.~.....♣
~.......≈≈≈.~~§~.♣♣
§..~~~.~.≈≈.~~<~♣.♣♣
.~..~~..~≈≈≈☼.~~...♣
.~....~..≈≈≈○°~~.~♣♣
.~.....~.≈≈≈.°~~~.♣
......~~..≈..♣...♣♣


You could see a bunyip (inner flame, ally target), an alligator and a friendly
mana viper (summoned).

Vanquished Creatures
  5 hydras
  A ghost crab (Swamp:1)
  An alligator (Swamp:1)
  2 catoblepae
  Erica (Lair:1)
  A fire crab (Volcano)
  A bog body (Swamp:1)
  A swamp dragon (Swamp:1)
  Pikel (D:5)
  2 oklob plants (Lair:4)
  A salamander (Volcano)
  11 elephants
  A molten gargoyle (Lair:5)
  Joseph (Lair:1)
  2 black mambas
  A torpor snail (Lair:5)
  12 cane toads
  7 komodo dragons
  3 rime drakes
  2 polar bears (Lair:3)
  7 blink frogs
  A troll (D:8)
  6 wyverns
  Eustachio (D:4)
  3 basilisks
  28 yaks
  3 vampire mosquitoes
  A steam dragon (D:9)
  3 nagas (Lair:2)
  10 water moccasins
  A hell hound (Volcano)
  3 sky beasts
  2 ice beasts
  8 orc warriors
  5 black bears
  3 ogres
  9 wolves
  5 centaurs
  2 lemures
  2 phantoms
  A kobold brigand (D:8)
  A brain worm (Sewer)
  13 bullfrogs
  2 gnoll sergeants (D:10)
  A scorpion (D:4)
  7 wights
  4 killer bees (D:8)
  3 nameless horrors
  5 howler monkeys
  9 electric eels
  4 lava snakes (Lair:5)
  A hound (D:6)
  4 jellies
  A bombardier beetle (D:3)
  7 orc priests
  A sleepcap (D:4)
  4 iguanas
  8 orc wizards
  7 gnolls
  2 river rats (Sewer)
  11 adders
  A shadow imp (D:8)
  2 white imps
  2 ufetubi (D:6)
  4 dart slugs
  A ribbon worm (D:4)
  26 orcs
  13 bats
  8 endoplasms
  4 giant cockroaches
  6 goblins
  10 hobgoblins
  5 jackals
  12 quokkas
  9 ball pythons
  7 frilled lizards
  13 kobolds
  3 rats
382 creatures vanquished.

Vanquished Creatures (collateral kills)
  A fire dragon (Lair:5)
  A two-headed ogre (Volcano)
  A lindwurm (Lair:5)
  An orc knight (Orc:1)
  An oklob plant (Lair:4)
  An orc sorcerer (Orc:1)
  3 elephants (Lair:5)
  3 salamanders (Volcano)
  A black mamba (Lair:5)
  2 molten gargoyles (Lair:5)
  3 cane toads
  3 komodo dragons
  A troll (Orc:2)
  A hornet (Lair:3)
  7 blink frogs
  8 yaks
  A fire bat (Volcano)
  A wyvern (Lair:5)
  2 basilisks
  A steam dragon (Lair:5)
  A vampire mosquito (Swamp:1)
  A swamp worm (Swamp:1)
  A naga (Lair:2)
  5 hell hounds
  2 nameless horrors
  2 water moccasins (Lair:5)
  2 orc warriors (Orc:1)
  3 ogres (Orc:1)
  A bullfrog (Lair:4)
  A lava snake (Lair:5)
  2 orc priests
  3 orc wizards
  5 orcs
72 creatures vanquished.

Vanquished Creatures (others)
  A bloated husk (Swamp:1)
1 creature vanquished.

Grand Total: 455 creatures vanquished

Notes
Turn   | Place    | Note
-------+----------+-------------------------------------------
     0 | D:1      | chippings the Draconian Wanderer began the quest for the
                  | Orb.
     0 | D:1      | chippings set off with the following items: a +1
                  | quarterstaff, a potion of lignification; and the following
                  | spell memorised: Slow; and the following spells available
                  | to memorise: Jinxbite, Inner Flame.
     0 | D:1      | Reached XP level 1. HP: 19/19 MP: 3/3
   303 | D:1      | Reached XP level 2. HP: 26/26 MP: 5/5
  1004 | D:2      | Learned a level 2 spell: Jinxbite
  1040 | D:2      | Reached XP level 3. HP: 33/33 MP: 3/6
  1283 | D:2      | Reached XP level 4. HP: 40/40 MP: 4/7
  1357 | D:2      | Learned a level 3 spell: Inner Flame
  1446 | D:3      | Reached skill level 1 in Fire Magic
  1617 | D:3      | Found a glowing drain.
  1647 | Sewer    | Entered a sewer
  1736 | Sewer    | Reached XP level 5. HP: 28/46 MP: 5/8
  2175 | Sewer    | Reached XP level 6. HP: 29/52 MP: 9/9
  2648 | D:3      | HP: 1/52 [orc priest/+0 trident (8)]
  3523 | D:4      | Your scales start taking on a lurid green colour.
  3523 | D:4      | Reached XP level 7. HP: 47/59 MP: 8/10
  3523 | D:4      | Gained mutation: Your system is resistant to poisons.
                  | (rPois) [Green Draconian growth]
  3686 | D:4      | Noticed Eustachio
  3730 | D:4      | Killed Eustachio
  4152 | D:4      | Found a staircase to the Ecumenical Temple.
  4161 | Temple   | Entered the Ecumenical Temple
  4256 | Temple   | Became a worshipper of Sif Muna the Loreminder
  4294 | D:4      | Reached skill level 5 in Staves
  4641 | D:5      | Entered Level 5 of the Dungeon
  4933 | D:5      | Reached skill level 5 in Hexes
  4933 | D:5      | Reached skill level 1 in Invocations
  5053 | D:5      | Identified the +2 robe of Spring {MP-9 Int+6}
  5070 | D:5      | Reached XP level 8. HP: 34/66 MP: 7/11
  5197 | D:5      | Found a sparkling altar of Nemelex Xobeh.
  5230 | D:5      | Noticed Pikel
  5637 | D:5      | Killed Pikel
  5638 | D:5      | Reached skill level 3 in Invocations
  6142 | D:6      | Reached skill level 4 in Invocations
  6182 | D:6      | Reached skill level 1 in Dodging
  6198 | D:6      | Reached * piety under Sif Muna
  6209 | D:6      | Reached XP level 9. HP: 38/72 MP: 6/12
  6752 | D:7      | Reached skill level 5 in Fighting
  7396 | D:7      | Reached skill level 5 in Invocations
  7467 | D:7      | Reached skill level 5 in Fire Magic
  7525 | D:7      | Learned a level 5 spell: Summon Mana Viper
  8178 | D:8      | Found Soxecot's Book Emporium.
  8684 | D:8      | Found a hazy altar of Hepliaklqana.
  8799 | D:8      | Found a hide-covered altar of Uskayaw.
  8925 | D:8      | Reached skill level 1 in Summonings
  9247 | D:8      | Reached ** piety under Sif Muna
  9257 | D:8      | Noticed a troll
  9305 | D:8      | Killed a troll
  9306 | D:8      | Reached XP level 10. HP: 41/83 MP: 6/14
 10121 | D:8      | Found a snail-covered altar of Cheibriados.
 10189 | D:8      | Found an iron altar of Okawaru.
 10626 | D:9      | Reached skill level 6 in Invocations
 11051 | D:9      | Found an opulent altar of Gozag.
 11125 | D:10     | Entered Level 10 of the Dungeon
 11446 | D:10     | Found a shadowy altar of Dithmenos.
 11626 | D:10     | Found a staircase to the Lair.
 11976 | D:10     | Found a glowing golden altar of the Shining One.
 12360 | D:10     | Found a staircase to the Orcish Mines.
 12511 | Lair:1   | Entered Level 1 of the Lair of Beasts
 12544 | Lair:1   | Noticed a catoblepas
 12581 | Lair:1   | Killed a catoblepas
 12582 | Lair:1   | Reached skill level 7 in Invocations
 12582 | Lair:1   | Reached XP level 11. HP: 32/92 MP: 13/16
 12696 | Lair:1   | Reached *** piety under Sif Muna
 12869 | Lair:1   | Reached skill level 5 in Dodging
 13374 | Lair:1   | Reached skill level 5 in Summonings
 13529 | Lair:1   | Noticed Joseph
 13536 | Lair:1   | Noticed Erica
 13541 | Lair:1   | Killed Joseph
 13550 | Lair:1   | Killed Erica
 13551 | Lair:1   | Reached skill level 8 in Invocations
 14369 | Lair:2   | Noticed a catoblepas
 14493 | Lair:2   | Killed a catoblepas
 14736 | Lair:1   | Reached skill level 9 in Invocations
 14736 | Lair:1   | Reached XP level 12. HP: 89/101 MP: 12/18
 15086 | Lair:2   | Reached **** piety under Sif Muna
 15177 | Lair:2   | Found a staircase to the Snake Pit.
 15340 | Lair:2   | Found a staircase to the Swamp.
 16342 | Lair:3   | Found the crystal ball of Wucad Mu {*channel}
 16463 | Lair:3   | Identified the +7 mace of Emuluplifau {flame, *Corrode
                  | rPois Dex+2}
 16975 | Lair:3   | Noticed a five-headed hydra
 16986 | Lair:3   | Killed a five-headed hydra
 16987 | Lair:3   | Reached skill level 10 in Invocations
 18838 | Lair:4   | Found a staircase to the Slime Pits.
 19157 | Lair:4   | Reached skill level 11 in Invocations
 19411 | Lair:5   | Entered Level 5 of the Lair of Beasts
 19454 | Lair:5   | Noticed a four-headed hydra
 19462 | Lair:5   | Killed a four-headed hydra
 19463 | Lair:5   | Reached XP level 13. HP: 52/107 MP: 5/21
 19840 | Lair:5   | Reached ***** piety under Sif Muna
 19892 | Lair:5   | Identified the +1 ring mail of the Trombone {*Slow Will+
                  | rCorr}
 20277 | Lair:5   | Reached skill level 10 in Hexes
 20606 | Lair:5   | Reached skill level 10 in Summonings
 20606 | Lair:5   | Reached skill level 12 in Invocations
 20711 | Lair:5   | Found a large runed translucent door.
 20712 | Lair:5   | Found a large runed translucent door.
 20721 | Lair:5   | Noticed a fire dragon
 21081 | Lair:5   | Killed a fire dragon
 21585 | Orc:1    | Entered Level 1 of the Orcish Mines
 21760 | Orc:1    | Received a gift from Sif Muna
 21808 | Orc:1    | Found a dark tunnel.
 21817 | Volcano  | Entered a volcano
 21862 | Volcano  | HP: 5/107 [salamander/+2 trident of flaming (7)]
 22412 | Volcano  | Found the +0 pair of fencer's gloves {Riposte Dex+3}
 23218 | Orc:2    | Entered Level 2 of the Orcish Mines
 23218 | Orc:2    | Found a staircase to the Elven Halls.
 23258 | Orc:2    | Noticed Nessos
 23444 | Swamp:1  | Entered Level 1 of the Swamp
 23449 | Swamp:1  | Gained mutation: Your tail ends in a venomous barb. [Green
                  | Draconian growth]
 23449 | Swamp:1  | Reached XP level 14. HP: 115/115 MP: 17/23
 24148 | Swamp:1  | Slain by a bunyip

Illustrated notes

Levels and vault maps discovered:
D:1:      eino_arrival_water_cross, layout_basic, minmay_misc_feat_alley,
          hangedman_decor_growths
D:2:      layout_basic
D:3:      wander_river, layout_loops_corners, gup_sewer_entry_pipe,
          grunt_ministairs_4, minmay_pentomino_pile
D:4:      layout_gridville, minmay_temple_entry_junction, uniq_eustachio
D:5:      layout_gridville, mainiacjoe_overflow_cross_hatched, uniq_pikel
D:6:      layout_rooms, minmay_misc_feat_room, hex_intersection
D:7:      layout_layer_cave, minivault_4
D:8:      layout_cave_pods, mainiacjoe_overflow_swirl,
          mainiacjoe_overflow_catch_the_wave, serial_bayou, serial_bayou_ford_a,
          serial_bayou_pond_d, serial_bayou_shore_a, serial_bayou_pond_b,
          serial_shops, shop
D:9:      layout_rooms, mainiacjoe_overflow_alcove_4
D:10:     layout_layer_cave, mainiacjoe_overflow_tiny_flanked,
          marbit_many_paths, lair_entry_dummy, orc_0_dummy
Temple:   nicolae_temple_bog_church
Lair:1:   layout_cave_pods, minivault_11, beast_lair_carwin_1, uniq_erica,
          uniq_joseph
Lair:2:   layout_small_grid, swamp_mist, minmay_snake_entry_guardpost_medium,
          small_statue_intersection
Lair:3:   layout_layer_cave, lemuel_fruit_fields
Lair:4:   layout_regular_city, minmay_slime_entry_oklob_open,
          serial_bayou_pond_a, grunt_megastairs_5
Lair:5:   cheibrodos_lair_end_hotspot, layout_gridlike
Swamp:1:  layout_falls_marsh, portal_ice_cave_entry_ice_statue_one,
          nicolae_swamp_long_stream, st_swamp_ruins_2
Orc:1:    nicolae_orc_accident_2, layout_caves, lightli_volcano_entry_magma_tube
Orc:2:    pf_orc_diabolical, layout_caves, basic_altar, uniq_nessos

Skill      XL: |  1  2  3  4  5  6  7  8  9 10 11 12 13 |
---------------+----------------------------------------+-----
Hexes          | 2 3 4 5 6 7 8 9 11 | 11.1
Fighting       | 4 5 7 8 |  8.0
Staves         | 2 3 4 5 6 7 8 |  8.0
Fire Magic     | 1 2 3 4 5 6 7 8 |  8.0
Invocations    | 1 4 5 7 9 11 12 | 12.9
Dodging        | 1 3 4 6 |  6.4
Summonings     | 1 4 6 9 10 | 10.9
Stealth        | 4 |  4.0
Spellcasting   | |  2.0
Evocations     | |  1.0

Action                     |  1- 3 |  4- 6 |  7- 9 | 10-12 | 13-15 || total
---------------------------+-------+-------+-------+-------+-------++-------
  Melee: Quarterstaff      |    74 |   227 |   230 |   302 |   310 ||  1143
         Tailslap          |     9 |    22 |    27 |    51 |    68 ||   177
         Staff             |       |       |       |     9 |       ||     9
   Cast: Jinxbite          |     3 |    14 |     8 |     4 |       ||    29
         Slow              |     1 |     5 |     1 |       |       ||     7
         Inner Flame       |       |     2 |    30 |    90 |    15 ||   137
         Summon Mana Viper |       |       |       |    22 |    47 ||    69
         Freezing Cloud    |       |       |       |       |     1 ||     1
 Invoke: Channel Magic     |       |       |       |     1 |     1 ||     2
         Divine Exegesis   |       |       |       |       |     1 ||     1
Ability: Breathe Noxious F |       |       |     5 |     1 |       ||     6
  Evoke: Wand              |       |       |     2 |     2 |       ||     4
    Use: Scroll            |       |     4 |    16 |     8 |     5 ||    33
         Potion            |       |     2 |       |     2 |       ||     4
   Stab: Sleeping          |       |       |     4 |       |       ||     4
         Confused          |       |       |       |     1 |       ||     1
         Distracted        |       |       |       |       |     2 ||     2
 Armour: Skin              |    38 |   234 |   224 |   346 |   380 ||  1222
  Dodge: Dodged            |    53 |   232 |   151 |   212 |   274 ||   922
Riposte: Quarterstaff      |       |       |       |       |    19 ||    19
